 Dungeon Crawl Stone Soup version 0.31-a0-795-g5eb97db20b (webtiles) character file.

Game seed: 3095713365979093111

208 lunkers the Ruffian (level 6, 0/47 HPs)
             Began as a Meteoran Shapeshifter on Sept 18, 2023.
             Succumbed to an adder's poison
             ... on level 3 of the Dungeon.
             The game lasted 00:03:08 (1452 turns).

lunkers the Ruffian (Meteoran Shapeshifter)         Turns: 1452, Time: 00:03:09

Health: 0/47       AC:  3    Str: 17    XL:     6   Next: 34%
Magic:  7/7        EV: 12    Int: 11    God:
Gold:   134        SH:  0    Dex: 15    Spells: 5/5 levels left

rFire   + .          .
                       - Unarmed
rCold   . . .        (no shield)
rNeg    . . .        a - +1 animal skin
rPois   .            (helmet currently unavailable)
rElec   .            (cloak currently unavailable)
rCorr   .            (gloves currently unavailable)
SInv    .            (boots currently unavailable)
Will    .....        (no amulet)
Stlth   +            b - ring of protection from fire
HPRegen 0.27/turn    (no ring)
MPRegen 0.10/turn

%: no passive effects
@: lethally poisoned (0 -> -2), beast-form, glowing
A: beast (slay +2), sense surroundings 1, otherworldly, glowing, explore regen
a: Begin Untransformation


You were on level 3 of the Dungeon.
You were a hulking beast.
You visited 1 branch of the dungeon, and saw 3 of its levels.

You collected 134 gold pieces.

Inventory:

Armour
 a - a +1 animal skin (worn)
Jewellery
 b - a ring of protection from fire (left hand)
 o - a ring of wizardry
Talismans
 c - a beast talisman (active)
 d - a flux talisman
Scrolls
 i - a scroll of enchant armour
 j - a scroll of amnesia
 k - a scroll of identify {unknown}
 n - a scroll of noise {unknown}
Potions
 e - a potion of attraction {unknown}
 f - a potion of degeneration {unknown}
 h - a potion of curing {unknown}
 l - a potion of enlightenment {unknown}
 m - a potion of haste {unknown}


   Skills:
 - Level 1.1 Fighting
 - Level 2.1 Dodging
 * Level 6.5 Unarmed Combat
 + Level 5.1 Shapeshifting


You had 5 spell levels left.
You didn't know any spells.
Your spell library contained the following spells:

 Spells                   Type           Power      Damage    Failure   Level
 Manifold Assault         Tloc           0%         N/A       98%         4
 Dispersal                Tloc           0%         N/A       100%        6
 Disjunction              Tloc           0%         N/A       100%        8


Dungeon Overview and Level Annotations

Branches:
Dungeon (3/15) Zot: 362

Altars:
Hepliaklqana
Qazlal

Annotations:
D:3 3 runed translucent doors, Shayle's ghost, amateur OgHs; javelincjr's ghost, amateur DsHW; quakins's ghost, amateur KoBr; ratmeat3's ghost, amateur TrSh


Innate Abilities, Weirdness & Mutations

You are a hulking beast.
Your limbs bulge with bestial killing power. (Slay +2)
You passively map a small area around you.
You are easily found by Zot.
You glow in the dark.
You regain HP and MP as you explore.


Message History

Your orc hits the gnoll with a +0 club. You hit the adder but do no damage.
The adder is moderately wounded.
The adder barely misses you.
Your orc hits the gnoll with a +0 club. The adder completely misses you.
The gnoll hits your orc with a +0 whip.
Okay, then.
You closely miss the adder. You punch the adder, but do no damage.
The adder is moderately wounded.
Your orc hits the gnoll but does no damage.
The adder bites you.
* * * LOW HITPOINT WARNING * * *
You are poisoned.
The adder poisons you! The gnoll hits your orc with a +0 whip.
Your orc dies!
Your orc's corpse dissolves into shadows!
The gnoll shouts!
You closely miss the adder. You punch the adder.
The adder is severely wounded.
You feel sick. The adder closely misses you.
You hit the adder but do no damage.
The adder is severely wounded.
You feel sick. The adder barely misses you.
You barely miss the adder.
The adder is severely wounded.
You feel sick. The adder bites you.
* * * LOW HITPOINT WARNING * * *
You are lethally poisoned!
The adder poisons you!
You punch the adder!
You kill the adder!
* * * LOW HITPOINT WARNING * * *
You feel sick.
* * * LOW HITPOINT WARNING * * *
You feel sick. The adder closely misses you.
* * * LOW HITPOINT WARNING * * *
You feel sick.
* * * LOW HITPOINT WARNING * * *
You feel sick.
Unknown command.
You die...

*
#...####[...#.......##'##
# ,,
#)....##....##.....##†.##
### *
#.†#?####..#'##..)##....#
#..
#S.....<####..###'#'....#
#.. *,##.#)####
#....##..##..## #..
#.#...####....'....####
#.. #.....)g.##..##....#
#.. **,
####.###..######..## #..
, ...# ##S.h..##### ### *
##### #####.# ###### ,
#.## #....# #..# #....' *
##.### #.(..# ##### #...#
###'## * #.[.#
###.########.## ####.#.#
#...........# #..#.#.#
#######....##..#


You could see a gnoll and an adder.

Vanquished Creatures
  A jelly (D:3)
  5 gnolls
  5 adders
  A worm (D:2)
  2 dart slugs
  An orc (D:3)
  4 endoplasms
  2 giant cockroaches (D:1)
  7 goblins
  4 hobgoblins
  6 jackals
  3 quokkas
  3 ball pythons
  5 bats
  2 frilled lizards
  2 kobolds
  5 rats
58 creatures vanquished.

Vanquished Creatures (collateral kills)
  2 gnolls (D:3)
2 creatures vanquished.

Grand Total: 60 creatures vanquished

Notes
Turn   | Place    | Note
-------+----------+-------------------------------------------
     0 | D:1      | lunkers the Meteoran Shapeshifter began the quest for the
                  | Orb.
     0 | D:1      | Reached XP level 1. HP: 16/16 MP: 2/2
   113 | D:1      | Reached XP level 2. HP: 23/23 MP: 3/3
   117 | D:1      | Reached skill level 4 in Unarmed Combat
   409 | D:1      | Reached XP level 3. HP: 28/28 MP: 4/4
   503 | D:1      | Glimpsed the power of Zot.
   659 | D:2      | Reached XP level 4. HP: 35/35 MP: 5/5
   894 | D:2      | Found a hazy altar of Hepliaklqana.
   981 | D:2      | Reached skill level 5 in Unarmed Combat
  1016 | D:2      | Reached XP level 5. HP: 33/40 MP: 6/6
  1109 | D:2      | Glimpsed the power of Zot.
  1183 | D:3      | Found a stormy altar of Qazlal.
  1219 | D:3      | Found a runed translucent gate.
  1220 | D:3      | Found a runed translucent gate.
  1221 | D:3      | Found a runed translucent gate.
  1222 | D:3      | Noticed ratmeat3's ghost (amateur TrSh)
  1224 | D:3      | Noticed Shayle's ghost (amateur OgHs)
  1226 | D:3      | Noticed quakins's ghost (amateur KoBr)
  1229 | D:3      | Noticed javelincjr's ghost (amateur DsHW)
  1286 | D:3      | Reached skill level 6 in Unarmed Combat
  1334 | D:3      | Reached XP level 6. HP: 26/47 MP: 7/7
  1435 | D:3      | Reached skill level 5 in Shapeshifting
  1449 | D:3      | HP: 2/47 [poisoned by an adder]
  1452 | D:3      | Succumbed to an adder's poison

Illustrated notes

Levels and vault maps discovered:
D:1:      dpeg_arrival_three_same_balls, layout_loops_ring
D:2:      layout_loops_ring, basic_altar, serial_aquarium,
          aquarium_bridge_long_joined [aquarium_subvault_bridge,
          aquarium_subvault_window, aquarium_subvault_bridge,
          aquarium_subvault_wall, aquarium_subvault_wall,
          aquarium_subvault_wall], aquarium_window_fake, aquarium_window_1,
          aquarium_window_corner, aquarium_view_2a, aquarium_balcony_5a,
          hangedman_feature_mirror, st_stairs_4, minmay_pentomino_x4
D:3:      minmay_bubble_buster, layout_basic, mainiacjoe_overflow_catwalk,
          lemuel_round_altar, nicolae_qazlal_general_emergency, serial_shops,
          nicolae_shop_bloodbath_and_beyond, gammafunk_ghost_cemetery

Skill      XL: |  1  2  3  4  5  6 |
---------------+-------------------+-----
Unarmed Combat | 4 5 6 |  6.5
Shapeshifting  | 4 5 |  5.1
Fighting       | |  1.1
Dodging        | |  2.1

Action                     |  1- 3 |  4- 6 || total
---------------------------+-------+-------++-------
  Melee: Unarmed           |    61 |    86 ||   147
         Punch             |     1 |     4 ||     5
    Use: Potion            |       |     1 ||     1
         Scroll            |       |     3 ||     3
 Armour: Animal skin       |    21 |    57 ||    78
         Skin              |       |    13 ||    13
  Dodge: Dodged            |    33 |    55 ||    88

Table legend: (Time is in decaauts)
 A = Elapsed time spent in this place.
 B = Non-inter-level travel time spent in this place.
 C = Inter-level travel time spent in this place.
 D = Time resting spent in this place.
 E = Time spent auto-exploring this place.
 F = Levels seen in this place.
 G = Mean time per level.
                   A        B        C        D        E       F      G
               +--------+--------+--------+--------+--------+-----+--------+
         Total |   1437 |   1410 |     27 |     14 |   1055 |   3 |  479.0 |
       Dungeon |   1437 |   1410 |     27 |     14 |   1055 |   3 |  479.0 |
               +--------+--------+--------+--------+--------+-----+--------+

Top non-repeatable levels by time:
     D:2: 596 daAuts
     D:1: 515 daAuts
     D:3: 325 daAuts
